AoeStats
← SeemsFishy

Arena

507709158Analyzed
4v4 RM · 13d ago on Sep 19, 2026· 40m 56s· 8 players
Game mode
Random Map
Map size
Large (8 player)
Population
200
Speed
Normal
Resources
Standard
Victory
Conquest
Starting age
Dark Age
Ending age
Imperial Age
RankedLock teamsTeams togetherTeam positionsShared explorationLock speedFull tech treeHidden civsTurbo modeCheats
Victory
Defeat
🇹🇼 Malians · Taiwan
1353
+16
🇮🇳 Burgundians · India
1327
+17
🇹🇼 Vikings · Taiwan
1313
+18
🇮🇳 Malay · India
1309
+18
🇬🇧 Gurjaras · United Kingdom
1383
-18
🇷🇺 Lithuanians · Russia
1376
-18
🇪🇸 Inca · Spain
1347
-17
🇹🇷 Cumans · Türkiye
1321
-16
Aspirante
5:53 Loom
9:05 Feudal Age
11:28 Fletching
30:12 Castle Age
28:37 Double-Bit Axe
28:32 Horse Collar
SeemsFishy
10:22 Feudal Age
14:26 Castle Age
13:27 Double-Bit Axe
15:41 Wheelbarrow
16:18 Bow Saw
19:19 Horse Collar
21:21 Heavy Plow
22:21 Gold Mining
27:01 Loom
30:48 Imperial Age
28:48 Forging
30:30 Iron Casting
30:46 Scale Mail Armor
32:42 Conscription
34:03 Gold Shaft Mining
33:07 Heavy Camel Rider
33:57 Bloodlines
35:10 Scale Barding Armor
37:09 Chain Mail Armor
38:20 Hand Cart
37:57 Elite Chakram Thrower
39:43 Chain Barding Armor
The Uncle
7:09 Loom
9:20 Feudal Age
10:00 Double-Bit Axe
10:03 Horse Collar
20:31 Castle Age
18:37 Gold Mining
18:38 Stone Mining
20:36 Scale Barding Armor
23:29 Bloodlines
23:34 Forging
28:42 Wheelbarrow
27:53 Town Watch
28:50 Fervor
28:41 Atonement
33:17 Town Patrol
34:54 Heavy Plow
35:45 Caravan
JustHaveFun()
10:30 Feudal Age
14:47 Castle Age
12:38 Double-Bit Axe
13:33 Horse Collar
17:41 Bow Saw
23:04 Gold Mining
23:53 Wheelbarrow
23:04 Loom
23:32 Scale Barding Armor
23:40 Bloodlines
24:15 Sanctity
31:05 Imperial Age
29:03 Chain Barding Armor
28:54 Forging
30:49 Husbandry
32:16 Iron Casting
31:25 Cavalier
33:20 Chemistry
34:11 Plate Barding Armor
34:57 Padded Archer Armor
38:55 Leather Archer Armor
38:25 Light Cavalry
_HerculePoirot_
10:57 Feudal Age
9:54 Double-Bit Axe
9:51 Horse Collar
16:46 Castle Age
15:20 Bow Saw
15:39 Scale Mail Armor
16:02 Heavy Plow
17:10 Forging
17:03 Loom
17:04 Pikeman
24:34 Wheelbarrow
36:06 Imperial Age
33:52 Hand Cart
33:23 Town Watch
33:32 Gold Mining
33:33 Stone Mining
33:18 Cavalier
33:58 Husbandry
34:44 Scale Barding Armor
35:16 Iron Casting
36:45 Town Patrol
37:13 Chain Barding Armor
37:41 Conscription
36:44 Paladin
38:35 Blast Furnace
maniaaaaaac
5:21 Loom
11:46 Feudal Age
15:14 Castle Age
13:31 Double-Bit Axe
15:19 Horse Collar
18:31 Bow Saw
24:31 Forging
24:59 Wheelbarrow
25:32 Scale Barding Armor
26:01 Pikeman
31:58 Iron Casting
37:30 Imperial Age
35:17 Hand Cart
35:04 Heavy Plow
34:55 Gold Mining
35:33 Squires
36:38 Elite Battle Elephant
37:18 Husbandry
38:20 Blast Furnace
41:00 Conscription
feely
10:58 Feudal Age
11:01 Loom
15:29 Castle Age
13:52 Gold Mining
15:01 Horse Collar
16:45 Double-Bit Axe
18:08 Scale Mail Armor
20:15 Bow Saw
23:10 Pikeman
24:07 Chain Mail Armor
26:12 Forging
29:38 Gold Shaft Mining
29:33 Squires
31:36 Town Watch
31:44 Stone Mining
39:46 Imperial Age
38:35 Iron Casting
40:00 Arson
39:58 Man-at-Arms
41:29 Plate Mail Armor
40:34 Capped Ram
腿短雞雞長
10:27 Feudal Age
10:20 Loom
16:36 Castle Age
24:52 Town Watch
26:05 Double-Bit Axe
28:21 Horse Collar
29:15 Scale Barding Armor
30:07 Wheelbarrow
31:02 Bow Saw
32:40 Hand Cart
34:01 Stone Mining
35:00 Fortified Wall
37:00 Heavy Plow
37:32 Gold Mining
41:41 Imperial Age
39:38 Scale Mail Armor
39:11 Man-at-Arms
39:51 Squires
39:37 Arson
40:05 Long Swordsman
41:21 Masonry
Connection lost

Rejoining the realm…

Still unreachable

The connection could not be restored.

Session expired

The server has moved on; the page needs a fresh start.